AoeStats
← Girthagoras

Four Lakes

508969274Analyzed
1v1 RM · 8d ago on Sep 24, 2026· 72m 3s· 2 players
Game mode
Random Map
Map size
Tiny (2 player)
Population
200
Speed
Normal
Resources
Standard
Victory
Conquest
Starting age
Dark Age
Ending age
Imperial Age
RankedLock teamsTeams togetherTeam positionsShared explorationLock speedFull tech treeHidden civsTurbo modeCheats
Victory
Defeat
🇧🇷 Danes · Brazil
919
+16
🇺🇸 Varangians · United States
918
-16
Girthagoras
5:01 Loom
12:32 Feudal Age
13:07 Double-Bit Axe
13:06 Horse Collar
18:00 Castle Age
21:01 Wheelbarrow
21:52 Bloodlines
21:42 Husbandry
22:57 Forging
25:28 Scale Barding Armor
41:07 Chain Barding Armor
41:22 Iron Casting
41:48 Horse Collar
49:51 Imperial Age
47:59 Vendel Legacy
50:55 Cavalier
54:09 Light Cavalry
62:24 Elite Skirmisher
[LQE]Sun Tzu
0:32 Loom
10:14 Feudal Age
12:42 Man-at-Arms
19:58 Castle Age
18:23 Forging
18:13 Scale Mail Armor
19:53 Double-Bit Axe
21:02 Squires
23:52 Fishing Lines
25:03 Iron Casting
24:43 Chain Mail Armor
25:11 Gillnets
30:07 Bow Saw
29:53 Gold Mining
42:12 Imperial Age
39:35 Arson
40:45 Chain Mail Armor
42:24 Gold Shaft Mining
41:19 Hamask
43:12 Wheelbarrow
44:08 Blast Furnace
43:34 Conscription
43:30 Elite Jomsviking
45:23 Plate Mail Armor
69:31 Town Watch
70:01 Hand Cart
70:35 Town Patrol
Connection lost

Rejoining the realm…

Still unreachable

The connection could not be restored.

Session expired

The server has moved on; the page needs a fresh start.